 Dungeon Crawl Stone Soup version 0.30.0-19-g36f170ea60 (webtiles) character file.

Game seed: 7141796133476128901

103 CaptainMV the Shield-Bearer (level 4, -2/34 HPs)
             Began as a Demonspawn Wanderer on May 30, 2023.
             Killed from afar by Ijyb (8 damage)
             ... with an iceblast
             ... on level 3 of the Dungeon.
             The game lasted 00:11:22 (1129 turns).

CaptainMV the Shield-Bearer (Demonspawn Wanderer)   Turns: 1129, Time: 00:11:22

Health: -2/34      AC:  5    Str: 11    XL:     4   Next: 51%
Magic:  1/7        EV: 11    Int: 14    God:
Gold:   90         SH:  5    Dex: 15    Spells: 3/7 levels left

rFire   . . .        a - +0 dagger
rCold   . . .        e - +0 buckler {AC+3}
rNeg    . . .        d - +0 robe
rPois   .            (no helmet)
rElec   .            (no cloak)
rCorr   .            (no gloves)
SInv    .            (no boots)
Will    .....        (no amulet)
Stlth   ++           (no ring)
HPRegen 0.25/turn    (no ring)
MPRegen 0.10/turn

%: no passive effects
@: very slightly contaminated
A: spiny 2
a: no special abilities


You were on level 3 of the Dungeon.
You visited 1 branch of the dungeon, and saw 3 of its levels.

You collected 90 gold pieces.

Inventory:

Hand Weapons
 a - a +0 dagger (weapon)
Missiles
 f - 5 poisoned darts (quivered)
 k - 3 atropa-tipped darts
Armour
 d - a +0 robe (worn)
 e - a +0 buckler of protection (worn)
Scrolls
 i - a scroll of enchant armour
Potions
 g - a potion of heal wounds {unknown}
 h - a potion of degeneration {unknown}
 j - a potion of magic


   Skills:
 + Level 2.5 Fighting
 + Level 1.1 Short Blades
 + Level 0.3 Throwing
 + Level 1.9 Dodging
 + Level 1.0 Stealth
 + Level 3.2 Shields
 + Level 2.1 Spellcasting
 + Level 2.1 Conjurations
 + Level 1.1 Hexes


You had 3 spell levels left.
You knew the following spells:

 Your Spells              Type           Power      Damage    Failure   Level
a - Kiss of Death         Conj/Necr      16%        2d6       22%         1
b - Dazzling Flash        Conj/Hex       12%        N/A       45%         3

Your spell library contained the following spells:

 Spells                   Type           Power      Damage    Failure   Level
 Sting                    Tmut/Pois      4%         1d3       32%         1
 Poisonous Vapours        Pois/Air       2%         N/A       45%         2
 Olgreb's Toxic Radiance  Pois           1%         N/A       97%         4


Dungeon Overview and Level Annotations

Branches:
Dungeon (3/15)

Altars:

Annotations:
D:3 Ijyb, Robin


Innate Abilities, Weirdness & Mutations

You are mostly covered in sharp spines.


Message History

You hit Ijyb.
Ijyb is lightly wounded.
Ijyb hits you with a +0 dagger.
You hit Ijyb but do no damage.
Ijyb is lightly wounded.
The goblin no longer looks unusually strong.
Ijyb closely misses you.
You hit Ijyb but do no damage.
Ijyb is lightly wounded.
Ijyb hits you with a +0 dagger.
You hit Ijyb.
Ijyb is lightly wounded.
Ijyb no longer looks unusually strong.
Robin roars a battlecry!
The goblins go into a battle-frenzy!
Ijyb screams, "I cut your head off!" Ijyb is struck by your spines.
Ijyb hits you with a +0 dagger.
* * * LOW HITPOINT WARNING * * *
You feel better.
The goblin no longer looks unusually strong.
Ijyb hits you with a +0 dagger. Magic courses through your body.
Ijyb is struck by your spines. Ijyb hits you with a +0 dagger.
* * * LOW HITPOINT WARNING * * *
Casting: Dazzling Flash (quite dangerous; 45% risk of failure)
Confirm with . or Enter, or press ? or * to list all spells.
The spell is quite dangerous to miscast (45% risk of failure)!
Continue anyway?
Casting: Dazzling Flash (quite dangerous; 45% risk of failure)
Press: ? - help, Dir - look around, f - activate You miscast Dazzling Flash.
Nothing appears to happen.
Ijyb hits you with a +0 dagger.
* * * LOW HITPOINT WARNING * * *
Casting: Dazzling Flash (quite dangerous; 45% risk of failure)
Confirm with . or Enter, or press ? or * to list all spells.
The spell is quite dangerous to miscast (45% risk of failure)!
Continue anyway?
Casting: Dazzling Flash (quite dangerous; 45% risk of failure)
Press: ? - help, Dir - look around, f - activate Ijyb is dazzled.
The goblin is dazzled. x2; Ijyb zaps a wand.
The mass of ice explodes!
The iceblast engulfs you!
You die...

#.....#### #g.......#
#........## #gg.......###
###### #...........# **
#....# #...†....##.# *,
#....# #.g......#*,***,
####..(.####g########*,**,,
#..'.†....@gg# *,*,,,
#(##....###### *,,,*,
#.##....# ***,*,
###'##....# *,,,
#....###### ******,, #....#
*,,,,,,, #....# *,****,,
###'## *,* *,, ###'#### *,*
*,*


You could see Ijyb (strong, blind) and 3 goblins.

Vanquished Creatures
  Natasha (D:2)
  3 adders (D:2)
  A dart slug (D:1)
  An endoplasm (D:1)
  4 giant cockroaches
  8 goblins
  6 hobgoblins
  A quokka (D:2)
  7 ball pythons
  2 bats
  2 frilled lizards (D:1)
  5 kobolds
  9 rats
50 creatures vanquished.

Notes
Turn   | Place    | Note
-------+----------+-------------------------------------------
     0 | D:1      | CaptainMV the Demonspawn Wanderer began the quest for the
                  | Orb.
     0 | D:1      | CaptainMV set off with the following items: a +0 dagger, a
                  | potion of lignification, a potion of curing, a +0 robe, a
                  | +0 buckler of protection; and the following spell
                  | memorised: Kiss of Death; and the following spells
                  | available to memorise: Dazzling Flash.
     0 | D:1      | Reached XP level 1. HP: 16/16 MP: 3/3
   150 | D:1      | Reached skill level 3 in Shields
   161 | D:1      | Gained mutation: You are partially covered in sharp spines.
                  | [demonic ancestry]
   161 | D:1      | Reached XP level 2. HP: 16/20 MP: 5/5
   498 | D:2      | Gained mutation: You are mostly covered in sharp spines.
                  | [demonic ancestry]
   498 | D:2      | Reached XP level 3. HP: 28/28 MP: 6/6
   502 | D:2      | Learned a level 3 spell: Dazzling Flash
   757 | D:2      | Noticed Natasha
   766 | D:2      | Killed Natasha
   767 | D:2      | Reached skill level 1 in Hexes
   767 | D:2      | Reached XP level 4. HP: 19/34 MP: 0/7
   837 | D:2      | Reached skill level 1 in Short Blades
  1085 | D:3      | Noticed Robin
  1085 | D:3      | Noticed Ijyb
  1101 | D:3      | Reached skill level 1 in Stealth
  1129 | D:3      | Killed from afar by Ijyb

Illustrated notes

Levels and vault maps discovered:
D:1:      scummos_arrival_star, layout_rooms
D:2:      layout_loops_ring, uniq_natasha
D:3:      layout_basic, mainiacjoe_overflow_chevrons, uniq_ijyb, uniq_robin

Skill      XL: |  1  2  3  4 |
---------------+-------------+-----
Shields        | 3 |  3.2
Hexes          | 1 |  1.1
Short Blades   | 1 |  1.1
Stealth        | 1 |  1.0
Fighting       | |  2.5
Throwing       | |  0.3
Dodging        | |  1.9
Spellcasting   | |  2.1
Conjurations   | |  2.1

Action                     |  1- 3 |  4- 6 || total
---------------------------+-------+-------++-------
  Melee: Dagger            |   107 |    36 ||   143
  Throw: Dart              |     5 |       ||     5
   Cast: Kiss of Death     |     2 |       ||     2
         Dazzling Flash    |     2 |     5 ||     7
    Use: Scroll            |     5 |     3 ||     8
         Potion            |     3 |     2 ||     5
   Stab: Sleeping          |     1 |       ||     1
 Armour: Robe              |    35 |    12 ||    47
         Skin              |     2 |       ||     2
  Dodge: Dodged            |    40 |    13 ||    53
  Block: Buckler           |    26 |    10 ||    36
